 Dungeon Crawl Stone Soup version 0.14.0-12-g87ee3b7 (webtiles) character file.

13570 Aargh the Protected (level 11, -5/97 HPs)
             Began as a Minotaur Berserker on Apr 15, 2014.
             Was a High Priest of Trog.
             Killed from afar by an electric eel (9 damage)
             ... with a bolt of electricity
             ... on Level 4 of the Lair of Beasts.
             The game lasted 02:28:13 (15832 turns).

Aargh the Protected (Minotaur Berserker)           Turns: 15832, Time: 02:28:13

HP  -5/97        AC 16     Str 23      XL: 11   Next: 68%
MP   0/5         EV  6     Int  7      God: Trog [*****.]
Gold 638         SH  5     Dex  9      Spells:  0 memorised, 10 levels left

rFire  . . .     SeeInvis +     F - +2,+5 quick blade (antimagic)
rCold  . . .     Clarity  .     q - +1 plate armour
rNeg   . . .     Conserve .     M - +0 buckler
rPois  .         rCorr    .     (helmet restricted)
rElec  .         rRot     .     (no cloak)
SustAb . .       Spirit   +     (no gloves)
rMut   .         Warding  .     (no boots)
Saprov . . .     Stasis   .     w - amulet of guardian spirit {Spirit}
MR     .....                    f - ring of see invisible {sInv, !d}
                                R - ring of flight {+Fly, !d}

@: not resistant to hostile enchantments, extremely unstealthy
A: retaliatory headbutt, horns 2
a: Burn Spellbooks, Berserk, Trog's Hand, Brothers in Arms, Renounce Religion,
Evoke Flight


You were on level 4 of the Lair of Beasts.
You worshipped Trog.
Trog was extremely pleased with you.
You were not hungry.

You visited 2 branches of the dungeon, and saw 17 of its levels.

You collected 638 gold pieces.

Inventory:

Hand weapons
 b - the +5,+7 dire flail of Currency {flame, +Rage MR++}
   (Trog gifted it to you on level 11 of the Dungeon)

   It emits flame when wielded, causing extra injury to most foes and up to
   double damage against particularly susceptible opponents.
   It affects your resistance to hostile enchantments.
   It lets you go berserk.
 j - a +0,+1 dire flail of holy wrath
   (You found it on level 4 of the Lair of Beasts)
 p - the +11,+6 dagger of Duosyigu {stab, -Tele +Rage +Fly rN+ Str+1}
   (You found it on level 4 of the Dungeon)

   It inflicts extra damage upon your enemies.
   It affects your strength (+1).
   It protects you from negative energy.
   It lets you fly.
   It lets you go berserk.
   It prevents most forms of teleportation.
 r - a +2,+2 anti-magic cutlass
   (Trog gifted it to you on level 7 of the Dungeon)
 F - a +2,+5 anti-magic quick blade (weapon)
   (Trog gifted it to you on level 2 of the Lair of Beasts)
 X - a +0,+4 crossbow of velocity
   (Trog gifted it to you on level 4 of the Lair of Beasts)
Missiles
 g - 6 curare-tipped needles
 k - 25 darts of flame
 E - 5 tomahawks of returning (quivered)
Armour
 q - a +1 plate armour (worn)
   (You found it on level 5 of the Dungeon)
 M - a +0 buckler (worn)
   (You found it on level 2 of the Lair of Beasts)
Magical devices
 n - a wand of fire (6)
   (You found it on level 1 of the Lair of Beasts)
 t - a wand of slowing (8) {unknown}
   (You found it on level 1 of the Lair of Beasts)
 x - a wand of draining (5) {unknown}
   (You found it on level 2 of the Lair of Beasts)
 I - a wand of fireball (5) {unknown}
   (You found it on level 4 of the Dungeon)
 J - a wand of digging (9) {unknown}
   (You found it on level 3 of the Dungeon)
 L - a wand of fire (9)
   (You found it on level 12 of the Dungeon)
 P - a wand of fireball (3) {unknown}
   (You took it off an orc on level 6 of the Dungeon)
Comestibles
 c - a bread ration
 U - a royal jelly {restore abilities}
 V - a honeycomb
Scrolls
 a - a scroll of enchant armour
 d - 2 scrolls of immolation {unknown}
 i - a scroll of recharging
 l - 2 scrolls of blinking {!r}
 G - 7 scrolls of teleportation
 H - 4 scrolls of remove curse
 K - a scroll of fog
 W - 2 scrolls of fear
Jewellery
 f - a ring of see invisible (right hand) {sInv, !d}
   (You took it off an orc on level 12 of the Dungeon)
 m - an uncursed amulet of clarity {Clarity, !d}
   (You found it on level 3 of the Dungeon)
 w - an amulet of guardian spirit (around neck) {Spirit}
   (You found it on level 1 of the Lair of Beasts)
 O - an uncursed ring of fire {rF+, rC-}
   (You found it on level 2 of the Lair of Beasts)
 R - a ring of flight (left hand) {+Fly, !d}
   (You found it on level 11 of the Dungeon)
Potions
 e - a potion of agility
 o - 2 potions of heal wounds
 u - 2 potions of brilliance
 y - a potion of confusion {unknown}
 D - a potion of haste
 Q - a potion of flight {unknown}
 S - a potion of might
 T - 2 potions of restore abilities
 Y - a potion of lignification {unknown}
Books
 h - a book of Burglary
   (You found it on level 2 of the Lair of Beasts)
 s - a book of Beasts
   (You found it on level 11 of the Dungeon)
 v - a book of Power
   (You found it on level 11 of the Dungeon)
 z - a book of Death
   (You found it on level 7 of the Dungeon)
 A - a book of Death
   (You found it on level 3 of the Dungeon)
 C - a book of Enchantments
   (You found it on level 9 of the Dungeon)
 N - a book of Battle
   (You found it on level 11 of the Dungeon)
 Z - a book of the Tempests
   (You found it on level 9 of the Dungeon)
Miscellaneous
 B - a fan of gales
   (You found it on level 9 of the Dungeon)


   Skills:
 + Level 9.1 Fighting
 + Level 6.4 Short Blades
   Level 1.3 Axes
 + Level 8.7 Maces & Flails
 + Level 6.1 Throwing
 + Level 11.5 Armour
 + Level 7.7 Dodging
 + Level 1.5 Stealth
 * Level 7.1 Evocations


You had 10 spell levels left.
You didn't know any spells.

Dungeon Overview and Level Annotations

Branches:
Dungeon (13/15)              Lair (4/8) D:11          Swamp (0/5) Lair:4
 Temple: D:4-7          Orc: D:9-12      Shoals: Lair:3-6     Snake: Lair:3-6
 Spider: Lair:3-6    Vaults: D:13-14

Altars:
Ashenzari
Elyvilon
Kikubaaqudgha
Makhleb
Nemelex Xobeh
Okawaru
Vehumet
Xom
The Shining One

Shops:
D:5 (   D:13 [

Annotations:
D:9 Joseph
D:12 Sonja
Lair:2 Erica


Innate Abilities, Weirdness & Mutations

You reflexively headbutt those who attack you in melee.
You have a pair of horns on your head.


Message History

j - a runed dire flail Wield which item (- for none, * to show all)? (? for menu, Esc to quit)
You can't wield that with a shield.
Unknown command.
Eat which item? (? for menu, Esc to quit)
You continue eating. x3
You finish eating.
That bread ration really hit the spot!
S - a potion of might
Found a stone staircase leading down.
u - 2 potions of brilliance (gained 1)
A green rat comes into view. 2 green rats come into view.
You puncture the green rat! You closely miss the green rat.
The green rat barely misses you. You furiously retaliate!
You headbutt the green rat!
You kill the green rat!
Trog accepts your kill. The green rat barely misses you.
You see here a green rat corpse.
You hit the green rat. The green rat barely misses you.
You puncture the green rat! You hit the green rat.
You kill the green rat!
Trog accepts your kill. The green rat closely misses you.
Things that are here:
a green rat corpse x2
Your shield prevents you from hitting the green rat.
You headbutt the green rat! You closely miss the green rat.
The green rat bites you but does no damage.
You puncture the green rat!
You kill the green rat!
Trog accepts your kill.
You see here a green rat corpse.
You offer a prayer to Trog.
Something appears at your feet! Trog grants you a gift!
The green rat corpse is consumed in a column of flame.
Trog is extremely pleased with you.
Things that are here:
a green rat corpse x2
You offer a prayer to Trog.
Trog is extremely pleased with you.
You see here a runed crossbow {god gift}.
X - a runed crossbow {god gift} Wield which item (- for none, * to show all)? (? for menu, Esc to quit)
You feel magic returning to you.
Your buckler slows your rate of fire.
X - a +0,+4 crossbow of velocity (weapon)
Wield which item (- for none, * to show all)? (? for menu, Esc to quit)
You feel magic leave you.
F - a +2,+5 anti-magic quick blade (weapon)
An electric eel comes into view.
The electric eel shoots out a bolt of electricity!
The bolt of electricity hits you! 2 electric eels come into view.
The electric eel shoots out a bolt of electricity!
The bolt of electricity hits you!
Found a staircase to the Swamp.
The electric eel shoots out a bolt of electricity!
The bolt of electricity hits the electric eel.
The electric eel completely resists.
The bolt of electricity hits you!
The bolt of electricity hits you! 2 electric eels come into view.
The electric eel shoots out a bolt of electricity!
The bolt of electricity hits you!
The electric eel shoots out a bolt of electricity!
The bolt of electricity hits you!
The electric eel shoots out a bolt of electricity!
The bolt of electricity hits you!
The electric eel shoots out a bolt of electricity!
The bolt of electricity hits you!
The electric eel shoots out a bolt of electricity!
The bolt of electricity hits the electric eel. x2
The bolt of electricity misses you.
The electric eel shoots out a bolt of electricity!
The bolt of electricity hits you!
The electric eel shoots out a bolt of electricity!
The bolt of electricity hits you!
* * * LOW HITPOINT WARNING * * *
The electric eel shoots out a bolt of electricity!
The bolt of electricity hits the electric eel.
The bolt of electricity hits you!
The electric eel shoots out a bolt of electricity!
The bolt of electricity hits the electric eel.
The bolt of electricity hits you!
* * * LOW HITPOINT WARNING * * *
The electric eel shoots out a bolt of electricity!
The bolt of electricity hits you!
* * * LOW HITPOINT WARNING * * *
The electric eel shoots out a bolt of electricity!
The bolt of electricity hits you!
* * * LOW HITPOINT WARNING * * *
The electric eel shoots out a bolt of electricity!
The bolt of electricity hits you!
The electric eel shoots out a bolt of electricity!
The bolt of electricity hits the electric eel.
The bolt of electricity hits you!
You die...

#....<......##
#......#.....#
##.##..#.....##
######.......##....#
#..#..#.#...##..#.f#
.#....#.f...###.f..#
#...........#P....##
...................#
..........####..@###
..........#####...#
..........P##...#.##
.f....#.#...#......#
.######..........§..#
.# ##...P#..§..§§§#
.# #.##.##..§;;;§§.#
.# ######...;;§§§§.#
.## ##..;§§§§..


You could see 4 electric eels.

Vanquished Creatures
  A hydra (Lair:2)
  A hill giant (D:11)
  A cyclops (D:9)
  3 spiny frogs
  A fire drake (Lair:2)
  2 komodo dragons (Lair:2)
  A troll (D:9)
  A basilisk (Lair:2)
  11 yaks
  Eustachio (D:4)
  A shadow (D:12)
  2 hungry ghosts
  3 hippogriffs
  3 necrophages
  Menkaure (D:7)
  A tengu zombie (D:12)
  5 water moccasins
  A black bear (D:6)
  An ogre skeleton (D:13)
  A sky beast (D:6)
  5 ogres
  An ice beast (D:7)
  2 phantoms
  4 orc warriors
  A porcupine (Lair:4)
  2 centaurs
  6 crocodiles
  The ghost of Aargh the Skirmisher, an average GrFi (D:3)
  A giant slug (Lair:1)
  2 big kobolds
  A cyclops zombie (D:12)
  A water moccasin zombie (D:8)
  2 eyes of draining
  7 giant frogs
  4 scorpions
  3 wights (D:7)
  19 killer bees
  A troll skeleton (D:8)
  4 crimson imps
  3 hounds
  A jelly (D:11)
  13 orc wizards
  Natasha (thrice) (D:3)
  8 worker ants
  5 iguanas
  5 sheep (Lair:2)
  A killer bee zombie (D:9)
  Jessica (D:3)
  A mottled dragon skeleton (D:12)
  A hound skeleton (D:3)
  24 green rats
  16 adders
  2 shadow imps
  3 giant mites
  2 worms
  A giant eyeball (D:7)
  8 giant geckos
  An ooze (D:3)
  33 orcs
  13 bats
  10 giant cockroaches
  16 hobgoblins
  13 jackals
  22 kobolds
  A giant gecko skeleton (D:4)
  4 giant newts
  9 goblins
  10 quokkas
  6 rats
  A rat skeleton (D:5)
  A rat zombie (D:3)
347 creatures vanquished.

Vanquished Creatures (others)
  A fungus (D:6)
1 creature vanquished.

Grand Total: 348 creatures vanquished

Notes
Turn   | Place    | Note
--------------------------------------------------------------
     0 | D:1      | Aargh, the Minotaur Berserker, began the quest for the Orb.
     0 | D:1      | Reached XP level 1. HP: 19/19 MP: 1/1
   240 | D:1      | Reached skill level 1 in Throwing
   261 | D:1      | Reached XP level 2. HP: 25/27 MP: 1/1
   881 | D:2      | Reached XP level 3. HP: 29/33 MP: 2/2
   965 | D:2      | Acquired Trog's second power
   998 | D:2      | Found a white marble altar of Elyvilon.
  1082 | D:3      | Noticed Aargh's ghost (average GrFi)
  1086 | D:3      | Killed Aargh's ghost
  1086 | D:3      | Reached skill level 4 in Fighting
  1086 | D:3      | Reached skill level 4 in Maces & Flails
  1086 | D:3      | Reached skill level 2 in Throwing
  1086 | D:3      | Reached skill level 3 in Armour
  1086 | D:3      | Reached skill level 3 in Dodging
  1086 | D:3      | Reached XP level 4. HP: 40/40 MP: 2/2
  1300 | D:3      | Noticed Natasha
  1310 | D:2      | Found a shimmering altar of Xom.
  1948 | D:3      | Killed Natasha
  1948 | D:3      | Reached XP level 5. HP: 23/46 MP: 2/2
  2565 | D:3      | Noticed Natasha
  2601 | D:3      | Noticed Jessica
  2606 | D:3      | Killed Jessica
  2763 | D:4      | Noticed Eustachio
  2792 | D:4      | Got a fine dagger
  2800 | D:4      | Killed Eustachio
  2800 | D:4      | Reached skill level 4 in Armour
  2800 | D:4      | Reached skill level 4 in Dodging
  2800 | D:4      | Reached XP level 6. HP: 55/55 MP: 3/3
  2905 | D:3      | Reached skill level 5 in Maces & Flails
  3049 | D:3      | Identified the cursed +11,+6 dagger of Duosyigu {stab, -Tele +Rage +Fly rN+ Str+1} (You found it on level 4 of the Dungeon)
  3052 | D:3      | Killed Natasha
  3119 | D:3      | Noticed Natasha
  3120 | D:3      | Killed Natasha
  3161 | D:4      | Reached skill level 5 in Fighting
  3161 | D:4      | Reached skill level 3 in Throwing
  3581 | D:4      | Reached XP level 7. HP: 57/61 MP: 3/3
  3781 | D:4      | Found an iron altar of Okawaru.
  3805 | D:4      | Noticed an ogre
  3830 | D:4      | Killed an ogre
  4054 | D:5      | Entered Level 5 of the Dungeon
  4054 | D:5      | Found Zeeko's Weapon Shoppe.
  4290 | D:5      | Reached skill level 5 in Armour
  4456 | D:5      | Reached skill level 5 in Dodging
  4641 | D:5      | Found a sparkling altar of Nemelex Xobeh.
  5100 | D:6      | Found a shattered altar of Ashenzari.
  5105 | D:6      | Saw a vision of the Swamp and the Spider Nest.
  5105 | D:6      | Noticed an alligator
  5105 | D:6      | Noticed an alligator
  5105 | D:6      | Noticed an alligator
  5106 | D:6      | Noticed a baby alligator
  5106 | D:6      | Noticed a baby alligator
  5106 | D:6      | Noticed an alligator
  5130 | D:6      | Reached skill level 6 in Fighting
  5130 | D:6      | Reached skill level 6 in Maces & Flails
  5130 | D:6      | Reached skill level 4 in Throwing
  5130 | D:6      | Reached XP level 8. HP: 70/70 MP: 3/3
  5330 | D:6      | Acquired Trog's third power
  6049 | D:6      | Reached skill level 6 in Armour
  6059 | D:6      | Reached skill level 1 in Evocations
  6212 | D:6      | Reached skill level 1 in Short Blades
  6480 | D:6      | Reached skill level 6 in Dodging
  6590 | D:6      | Reached skill level 1 in Stealth
  6590 | D:6      | Reached skill level 2 in Evocations
  6789 | D:6      | Reached XP level 9. HP: 64/78 MP: 7/7
  6899 | D:7      | Noticed Menkaure
  6909 | D:7      | Killed Menkaure
  6909 | D:7      | Reached skill level 2 in Short Blades
  6909 | D:7      | Reached skill level 7 in Armour
  7146 | D:7      | Reached skill level 7 in Fighting
  7416 | D:8      | Reached skill level 3 in Evocations
  7422 | D:8      | Reached skill level 1 in Axes
  7423 | D:8      | Reached skill level 7 in Maces & Flails
  7860 | D:8      | Reached skill level 8 in Armour
  7991 | D:8      | Reached skill level 3 in Short Blades
  8289 | D:10     | Entered Level 10 of the Dungeon
  8350 | D:10     | Noticed a cyclops
  8359 | D:9      | Killed a cyclops
  8359 | D:9      | Reached skill level 9 in Armour
  8642 | D:9      | Reached skill level 4 in Evocations
  8664 | D:9      | Noticed Joseph
  8854 | D:7      | Reached XP level 10. HP: 86/88 MP: 10/10
  9003 | D:7      | Found a burning altar of Makhleb.
  9016 | D:7      | Found a glowing golden altar of the Shining One.
  9029 | D:7      | Found a radiant altar of Vehumet.
  9062 | D:7      | Received a gift from Trog
  9062 | D:7      | Reached skill level 4 in Short Blades
  9087 | D:7      | Found an ancient bone altar of Kikubaaqudgha.
 10169 | D:9      | You fall through a shaft for 2 floors!
 10216 | D:11     | HP: 21/88 [poisoned by a killer bee]
 10221 | D:11     | HP: 16/88 [poisoned by a killer bee]
 10226 | D:11     | HP: 12/88 [poisoned by a killer bee]
 10232 | D:11     | HP: 9/88 [poisoned by a killer bee]
 10239 | D:11     | HP: 8/88 [poisoned by a killer bee]
 10246 | D:11     | HP: 8/88 [poisoned by a killer bee]
 10254 | D:11     | HP: 7/88 [poisoned by a killer bee]
 10404 | D:11     | HP: 22/88 [something (3)]
 10409 | D:11     | HP: 18/88 [something (1)]
 10416 | D:11     | HP: 12/88 [something (4)]
 10422 | D:11     | HP: 16/88 [lava snake/glob of lava (11)]
 10430 | D:11     | HP: 14/88 [something (3)]
 10435 | D:11     | HP: 8/88 [something (5)]
 10743 | D:12     | Reached skill level 7 in Dodging
 10987 | D:12     | Noticed Sonja
 11103 | D:12     | Reached skill level 8 in Fighting
 11265 | D:12     | Reached skill level 5 in Evocations
 11324 | D:12     | Reached skill level 10 in Armour
 11330 | D:12     | Noticed a hill giant
 11353 | D:13     | Found Kutugripp's Antique Armour Emporium.
 11603 | D:13     | Reached skill level 5 in Short Blades
 11906 | D:12     | Reached skill level 5 in Throwing
 12003 | D:11     | Noticed a hill giant
 12013 | D:11     | Killed a hill giant
 12489 | D:11     | Received a gift from Trog
 12493 | D:11     | Got a smoking dire flail {god gift}
 12494 | D:11     | Identified the +5,+7 dire flail of Currency {flame, +Rage MR++} (Trog gifted it to you on level 11 of the Dungeon)
 12578 | D:11     | Found a staircase to the Lair.
 12589 | Lair:1   | Entered Level 1 of the Lair of Beasts
 12749 | Lair:1   | Reached XP level 11. HP: 69/95 MP: 14/14
 12946 | Lair:1   | Reached skill level 11 in Armour
 12968 | Lair:1   | Reached skill level 6 in Evocations
 13846 | Lair:2   | Reached skill level 8 in Maces & Flails
 14028 | Lair:2   | Received a gift from Trog
 14546 | Lair:2   | Noticed a five-headed hydra
 14557 | Lair:2   | Killed a five-headed hydra
 14779 | Lair:2   | Reached skill level 9 in Fighting
 14779 | Lair:2   | Reached skill level 6 in Throwing
 14864 | Lair:2   | Noticed Erica
 14899 | Lair:2   | Reached skill level 7 in Evocations
 15221 | Lair:3   | Reached skill level 6 in Short Blades
 15306 | Lair:3   | Noticed a death yak
 15307 | Lair:3   | Noticed a death yak
 15807 | Lair:4   | Received a gift from Trog
 15826 | Lair:4   | Found a staircase to the Swamp.
 15831 | Lair:4   | HP: 20/97 [electric eel/bolt of electricity (8)]
 15831 | Lair:4   | HP: 4/97 [electric eel/bolt of electricity (11)]
 15832 | Lair:4   | Killed from afar by an electric eel

Action                   |  1- 3 |  4- 6 |  7- 9 | 10-12 || total
-------------------------+-------+-------+-------+-------++-------
Melee: Mace              |    40 |    93 |       |       ||   133
       Dagger            |       |    19 |   282 |   268 ||   569
       Falchion          |       |    15 |       |       ||    15
       Flail             |       |       |    53 |    41 ||    94
       War axe           |       |       |    14 |       ||    14
       Dire flail        |       |       |       |   105 ||   105
       Quick blade       |       |       |       |   245 ||   245
 Fire: Blowgun           |       |       |       |     7 ||     7
Throw: Dart              |       |     1 |       |     1 ||     2
       Tomahawk          |       |       |     7 |    25 ||    32
Invok: Berserk           |     1 |     2 |     8 |     7 ||    18
Evoke: Fan of gales      |       |       |       |     1 ||     1
       Wand              |       |       |       |     5 ||     5
  Use: Scroll            |     5 |     6 |     7 |    10 ||    28
       Potion            |       |       |     4 |     5 ||     9

Vault maps used:
D:1:      mrwooster_arrival_statue, minivault_5
D:2:      elyvilon_altar_4, lemuel_doored_altar, first_bread
D:3:      minmay_quantized, uniq_natasha, uniq_jessica
D:4:      general_overflow_altar, minmay_temple_entry_enclosed_plants,
          uniq_eustachio
D:5:      nemelex_xobeh_ov_fountains_minmay, serial_shops, shop
D:6:      black_bear_nest_2, grunt_ashenzari_visionary
D:7:      nicolae_overflow_quartered_altars, kennysheep_generic_room_7,
          uniq_menkaure
D:9:      uniq_joseph
D:10:     zombieorc2_lemuel, hangedman_fish_farm, st_stairs_11, uniq_erolcha,
          uniq_harold
D:11:     lair_0_dummy, library_closet, disabler_island
D:12:     bailey_entry_trowel, serial_shops, shop, kennysheep_nondescript,
          uniq_sonja
D:13:     serial_shops, shop_fountains, minmay_misc_feat_rows
Lair:2:   serial_bayou_lagoon_a, uniq_erica
Lair:3:   minivault_26, fungi_pond_lemuel, zaba_anthell
Lair:4:   minmay_swamp_entry_eels

Table legend:
 A = Turns spent in this place as a percentage of turns spent in the entire game.
 B = Non-inter-level travel turns spent in this place as a percentage of non-inter-level travel turns spent in the entire game.
 C = Inter-level travel turns spent in this place as a percentage of turns spent in this place.
 D = Turns resting spent in this place as a percentage of non-inter-level travel turns spent in this place.
 E = Turns spent auto-exploring this place as a percentage of non-inter-level travel turns spent in this place.
 F = Non-inter-level travel turns spent in this place divided by the number of levels of this place that you've seen.
                   A       B       C       D       E      F
               +-------+-------+-------+-------+-------+----------------------
         Total | 100.0 | 100.0 |   0.0 |   2.5 |   0.9 | 503.6
       Dungeon |  76.1 |  76.1 |   0.0 |   2.7 |   1.2 | 501.3
          Lair |  23.9 |  23.9 |   0.0 |   2.2 |   0.0 | 511.0
               +-------+-------+-------+-------+-------+----------------------

Table legend:
 A = Kills in this place as a percentage of kills in entire the game.
 B = Kills by you in this place as a percentage of kills by you in the entire game.
 C = Kills by friends in this place as a percentage of kills by friends in the entire game.
 D = Other kills in this place as a percentage of other kills in the entire game.
 E = Experience gained in this place as a percentage of experience gained in the entire game.
 F = Experience gained in this place divided by the number of levels of this place that you have seen.
                   A       B       C       D       E      F
               +-------+-------+-------+-------+-------+----------------------
         Total | 100.0 | 100.0 |  -nan |  -nan | 100.0 | 1086.8
       Dungeon |  75.2 |  75.2 |  -nan |  -nan |  53.8 | 764.1
          Lair |  24.8 |  24.8 |  -nan |  -nan |  46.2 | 2135.5
               +-------+-------+-------+-------+-------+----------------------
